 Dungeon Crawl Stone Soup version 0.26-a0-800-g517d6fe721 (webtiles) character file.

Game seed: 6545735626617544127

469 robertstho the Ruffian (level 7, -3/58 HPs)
             Began as a Ghoul Gladiator on Nov 11, 2020.
             Was an Initiate of Gozag.
             Slain by an orc priest
             ... wielding a +0 mace of holy wrath
              (7 damage)
             ... on level 4 of the Dungeon.
             The game lasted 00:03:56 (3085 turns).

robertstho the Ruffian (Ghoul Gladiator)            Turns: 3085, Time: 00:03:57

Health: -3/58      AC:  7    Str: 19    XL:     7   Next: 9%
Magic:  6/6        EV: 11    Int:  4    God:    Gozag
Gold:   68         SH:  5    Dex: 10    Spells: 6/6 levels left

rFire    . . .     SeeInvis .     - Unarmed
rCold    + . .     Faith    .   (no shield)
rNeg     + + +     Spirit   .   k - +0 scale mail (curse)
rPois    ∞         Reflect  +   b - +0 helmet
rElec    .         Harm     .   v - scarf {+Inv}
rCorr    .         Rampage  .   (no gloves)
MR       .....                  (no boots)
Stlth    ..........             g - amulet of reflection
HPRegen  0.00/turn              (no ring)
MPRegen  0.10/turn              (no ring)

@: brilliant, flying
A: rotting body, claws 1, cold resistance 1, negative energy resistance 3,
inhibited regeneration, torment resistance, unbreathing
a: Potion Petition, Call Merchant, Bribe Branch, Renounce Religion, Evoke
Invisibility


You were on level 4 of the Dungeon.
You worshipped Gozag.
Gozag was noncommittal.
You visited 2 branches of the dungeon, and saw 5 of its levels.

You collected 126 gold pieces.
You paid 58 gold pieces to Gozag.

Inventory:

Missiles
 c - 3 throwing nets (quivered)
Armour
 a - a +0 leather armour
 b - a +0 helmet (worn)
 f - a +4 ring mail of cold resistance
 k - a cursed +0 scale mail (worn)
 s - a +0 chain mail of cold resistance
 u - a +0 leather armour of fire resistance
 v - a scarf of invisibility (worn)
Jewellery
 g - an amulet of reflection (around neck)
Wands
 r - a wand of disintegration (14)
Scrolls
 e - 8 scrolls of identify {unknown}
 j - 2 scrolls of enchant armour {unknown}
 l - a scroll of remove curse {unknown}
 m - 4 scrolls of teleportation {unknown}
 o - 2 scrolls of fog {unknown}
Potions
 d - a potion of heal wounds {unknown}
 h - a potion of might {unknown}
 n - a potion of lignification {unknown}
 p - a potion of flight
 q - a potion of attraction {unknown}


   Skills:
 * Level 3.8 Fighting
 + Level 1.7 Throwing
 + Level 2.3 Armour
 + Level 3.5 Dodging
 + Level 1.4 Stealth
 * Level 6.3 Unarmed Combat


You had 6 spell levels left.
You didn't know any spells.
Your spell library was empty.

Dungeon Overview and Level Annotations

Branches:
Dungeon (4/15)             Temple (1/1) D:4

Altars:
Ashenzari
Cheibriados
Gozag
Nemelex Xobeh
Ru
Sif Muna
Vehumet

Annotations:
D:4 Edmund


Innate Abilities, Weirdness & Mutations

Your body is rotting away.
You thrive by killing the living.
You are immune to poison.
You have sharp fingernails.
Your flesh is cold resistant. (rC+)
You are immune to negative energy. (rN+++)
You do not regenerate when monsters are visible.
You are immune to unholy pain and torment.
You can survive without breathing.


Message History

The orc priest invokes the aid of Beogh against you.
Beogh smites you!
You scratch the orc priest.
The orc priest is lightly wounded.
The orc priest calls down the wrath of Beogh upon you.
Beogh smites you!
* * * LOW HITPOINT WARNING * * *
The orc priest hits you with a +0 mace of holy wrath.
* * * LOW HITPOINT WARNING * * *
You convulse.
* * * LOW HITPOINT WARNING * * *
It was a potion of flight.
You feel very buoyant.
You fly up into the air.
It was a potion of brilliance.
You feel clever all of a sudden. The orc barely misses you.
The orc priest hits you with a +0 mace of holy wrath!
You die...
Your body crumbles into a pile of gold.

#.# #####'#.# #.#
######.......# #.#
#............# $ #.#
#.##...##....# $
#.####.##...##....#
.............).@#.#####..#.
#####.....>....o#....ooO...
#..........o#######oo#.
##.##...##.o@...# $
#.##...##..###.#
#..........# # ####.......#
#########


You could see Edmund, 2 orc priests and an orc.

Vanquished Creatures
  Eustachio (D:4)
  An ogre (D:4)
  A howler monkey (D:4)
  An orc wizard (D:4)
  Terence (D:3)
  A worker ant (D:4)
  3 adders
  An ooze (D:1)
  A worm (D:3)
  5 dart slugs
  6 leopard geckos
  An orc (D:4)
  4 bats
  6 giant cockroaches
  8 goblins
  10 hobgoblins
  4 quokkas
  5 frilled lizards
  A jackal skeleton (D:4)
  8 kobolds
  2 rats
71 creatures vanquished.

Notes
Turn   | Place    | Note
-------+----------+-------------------------------------------
     0 | D:1      | robertstho the Ghoul Gladiator began the quest for the Orb.
     0 | D:1      | Reached XP level 1. HP: 17/17 MP: 0/0
   149 | D:1      | Reached XP level 2. HP: 12/24 MP: 1/1
   482 | D:1      | Reached skill level 4 in Unarmed Combat
   482 | D:1      | Reached XP level 3. HP: 30/30 MP: 2/2
  1131 | D:2      | Found a sacrificial altar of Ru.
  1328 | D:2      | Reached XP level 4. HP: 33/37 MP: 3/3
  2108 | D:3      | Noticed Terence
  2144 | D:3      | Killed Terence
  2144 | D:3      | Reached skill level 5 in Unarmed Combat
  2144 | D:3      | Reached XP level 5. HP: 23/45 MP: 4/4
  2368 | D:3      | Found a radiant altar of Vehumet.
  2522 | D:4      | Noticed Eustachio
  2553 | D:4      | Killed Eustachio
  2553 | D:4      | Reached skill level 1 in Armour
  2553 | D:4      | Reached skill level 6 in Unarmed Combat
  2553 | D:4      | Reached XP level 6. HP: 16/51 MP: 5/5
  2867 | D:4      | Reached XP level 7. HP: 47/58 MP: 6/6
  2948 | D:4      | Found a staircase to the Ecumenical Temple.
  2975 | Temple   | Entered the Ecumenical Temple
  2982 | Temple   | Became a worshipper of Gozag Ym Sagoz the Greedy
  3001 | D:4      | Reached skill level 1 in Stealth
  3069 | D:4      | Noticed Edmund
  3085 | D:4      | Slain by an orc priest

Illustrated notes

Levels and vault maps discovered:
D:1:      psy_arrival_heroes, layout_basic, grunt_decor_one_mirror
D:2:      layout_basic, nicolae_ru_awakened_eye
D:3:      layout_basic, lemuel_round_altar, kennysheep_cluttered_room,
          uniq_terence
D:4:      layout_basic, minmay_temple_entry_stoned_glass, grunt_decor_clamped,
          uniq_edmund, uniq_eustachio, uniq_robin
Temple:   hc_temple_tempest_star

Skill      XL: |  1  2  3  4  5  6  7 |
---------------+----------------------+-----
Dodging        | 3 |  3.5
Unarmed Combat | 4 5 6 |  6.3
Fighting       | 3 |  3.8
Armour         | 1 2 |  2.3
Stealth        | 1 |  1.4
Throwing       | |  1.7

Action                   |  1- 3 |  4- 6 |  7- 9 || total
-------------------------+-------+-------+-------++-------
Melee: Unarmed           |   125 |   147 |     9 ||   281
       Punch             |       |     3 |       ||     3
  Use: Potion            |       |       |     4 ||     4
Armor: Leather armour    |    20 |       |       ||    20
       Ring mail         |    17 |       |       ||    17
       Scale mail        |     9 |    98 |     3 ||   110
Dodge: Dodged            |    58 |   120 |     6 ||   184
Block: Other             |    20 |    49 |     2 ||    71
       Reflection        |     1 |       |       ||     1

Table legend: (Time is in decaauts)
 A = Elapsed time spent in this place.
 B = Non-inter-level travel time spent in this place.
 C = Inter-level travel time spent in this place.
 D = Time resting spent in this place.
 E = Time spent auto-exploring this place.
 F = Levels seen in this place.
 G = Mean time per level.
                   A        B        C        D        E       F      G
               +--------+--------+--------+--------+--------+-----+--------+
         Total |   3060 |   2953 |    107 |      0 |   2372 |   5 |  612.0 |
       Dungeon |   3046 |   2946 |    100 |      0 |   2372 |   4 |  761.5 |
        Temple |     14 |      7 |      7 |      0 |      0 |   1 |   14.0 |
               +--------+--------+--------+--------+--------+-----+--------+

Top non-repeatable levels by time:
     D:1: 1076 daAuts
     D:2: 843 daAuts
     D:3: 575 daAuts
     D:4: 550 daAuts
  Temple: 14 daAuts
